 Dungeon Crawl Stone Soup version 0.31.0-1-g2c135a008e (webtiles) character file.

Game seed: 5209593055493030919

207 qw the Shooter (level 6, 0/46 HPs)
             Began as a Djinni Hunter on Jan 23, 2024.
             Incinerated by a bombardier beetle (1 damage)
             ... with a burning spray
             ... on level 4 of the Dungeon.
             The game lasted 00:00:10 (2537 turns).

qw the Shooter (Djinni Hunter)                      Turns: 2537, Time: 00:00:10

Health: 0/46       AC:  6    Str: 10    XL:     6   Next: 11%
Gold:   268        EV: 13    Int: 11    God:
                   SH:  0    Dex: 18

rFire   + + .        a - +2 shortbow
rCold   x . .        (shield currently unavailable)
rNeg    . . .        c - +0 leather armour
rPois   inf          (no helmet)
rElec   .            k - +0 cloak
rCorr   +            m - +1 pair of gloves
SInv    .            (boots unavailable)
Will    .....        (no amulet)
Stlth   +            h - ring of resist corrosion
HPRegen 0.27/turn    (no ring)
MPRegen 0.00/turn

%: infuse magic (-1 HP)
@: on fire, flying, glowing
A: sickness immunity, fire resistance 2, cold vulnerability 1, float, innate
caster, HP casting, extra vitality 1
a: no special abilities


You were on level 4 of the Dungeon.
You visited 1 branch of the dungeon, and saw 4 of its levels.

You collected 268 gold pieces.


Innate Abilities, Weirdness & Mutations

You are immune to sickness and miasma.
You are immune to poison.
Your flesh is very heat resistant. (rF++)
You are vulnerable to cold. (rC-)
You float through the air rather than walking.
You learn spells naturally, not from books.
Your magical power is your life essence.
You have superior vitality. (+4 MHP)


   Skills:
 - Level 3.0 Fighting
 + Level 4.7 Ranged Weapons
 - Level 1.6 Armour
 - Level 3.1 Dodging
 - Level 0.7 Stealth


You knew the following spells:

 Your Spells              Type           Power      Damage    Failure   Level
a - Sting                 Conj/Alch      0%         1d3       43%         1
b - Momentum Strike       Conj/Tloc      0%         3d8       56%         2
Your spell library was empty.

Inventory:

Hand Weapons
 a - a +2 shortbow (weapon)
Armour
 c - a +0 leather armour (worn)
 k - a +0 cloak (worn)
 m - a +1 pair of gloves (worn)
Jewellery
 h - a ring of resist corrosion (left hand)
 j - a ring of fire
Scrolls
 b - a scroll of teleportation
Potions
 d - 3 potions of heal wounds
 f - a potion of cancellation
 g - a potion of enlightenment {unknown}
 i - a potion of haste

Dungeon Overview and Level Annotations

Branches:
Dungeon (4/15)
 Temple: D:4-7

Altars:
Cheibriados
Qazlal

Annotations:
D:3 2 transporters


Message History

The liquid fire burns you!
You are on fire!
The liquid fire burns you!
You are on fire!
The liquid fire burns you!
You are on fire!
The liquid fire burns you!
You are on fire!
The liquid fire burns you!
You are on fire!
The liquid fire burns you!
You are on fire!
The liquid fire burns you!
You are on fire!
The liquid fire burns you!
You are on fire!
The liquid fire burns you!
You are on fire!
The liquid fire burns you!
You are on fire!
The liquid fire burns you!
You are on fire!
The liquid fire burns you!
You are on fire!
The liquid fire burns you!
You are on fire!
The liquid fire burns you!
You are on fire!
The liquid fire burns you!
You are on fire!
The liquid fire burns you!
You are on fire!
The liquid fire burns you!
You are on fire!
The liquid fire burns you!
You are on fire!
The liquid fire burns you!
You are on fire!
The liquid fire burns you!
You die...

##.....
.......
##.......
#........
##........
#.........
##.........
#..@.......
##.........
#.........
##........
.........
.#....... #
#......
#.....


There were no monsters in sight!

Vanquished Creatures
  2 bombardier beetles
  Terence (D:3)
  4 adders
  A ribbon worm (D:1)
  3 dart slugs
  5 bats
  3 endoplasms
  A giant cockroach (D:1)
  4 goblins
  7 hobgoblins
  7 jackals
  3 quokkas
  9 ball pythons
  4 frilled lizards
  4 kobolds
  8 rats
66 creatures vanquished.

Notes
Turn   | Place    | Note
-------+----------+-------------------------------------------
     0 | D:1      | qw the Djinni Hunter began the quest for the Orb.
     0 | D:1      | Reached XP level 1. HP: 18/18 MP: 0/0
     0 | D:1      | 0 ||| qw: Version: 0.3-a-134-g2ba4250
     0 | D:1      | 0 ||| qw: Game counter: 726
     0 | D:1      | 0 ||| qw: Melee chars always use a shield: true
     0 | D:1      | 0 ||| qw: God list: Okawaru
     0 | D:1      | 0 ||| qw: Allow faded altars: false
     0 | D:1      | 0 ||| qw: Do Orc after clearing Dungeon:15 true
     0 | D:1      | 0 ||| qw: Do second Lair branch before Depths: true
     0 | D:1      | 0 ||| qw: Lair rune preference: random
     0 | D:1      | 0 ||| qw: Goals: Normal
     0 | D:1      | 0 ||| PLANNING D:1-11
    67 | D:1      | Reached XP level 2. HP: 23/23 MP: 0/0
   226 | D:1      | Reached XP level 3. HP: 28/28 MP: 0/0
   226 | D:1      | Learned a level 1 spell: Sting
   228 | D:1      | Reached skill level 4 in Ranged Weapons
   875 | D:1      | 875 ||| UPGRADING to +0 cloak.
   880 | D:1      | 880 ||| READING 3 scrolls labelled TAIRPHE SUUVUXT.
   880 | D:1      | 880 ||| IDENTIFYING dark potion
   881 | D:1      | 881 ||| READING 2 scrolls of identify.
   881 | D:1      | 881 ||| IDENTIFYING scroll labelled ODUIKI OHEILET
   882 | D:1      | 882 ||| READING scroll of identify.
   882 | D:1      | 882 ||| IDENTIFYING scroll labelled VITHRA WAXYFOA
   883 | D:1      | 883 ||| READING 2 scrolls labelled HEWEXE TESE.
   884 | D:1      | 884 ||| READING scroll labelled TAUFOY SASIMUOJ.
   985 | D:1      | 985 ||| DROPPING scroll of butterflies.
   986 | D:1      | 986 ||| DROPPING scroll of amnesia.
   987 | D:1      | 987 ||| DROPPING scroll of fear.
   988 | D:1      | 988 ||| DROPPING scroll of revelation.
  1194 | D:2      | Reached XP level 4. HP: 28/34 MP: 0/0
  1233 | D:2      | Reached skill level 3 in Fighting
  1274 | D:2      | Found a faded altar of an unknown god.
  1487 | D:2      | 1487 ||| READING 2 scrolls labelled ULLASTUSTRO.
  1492 | D:2      | 1492 ||| READING scroll labelled DUIP COASTOIH.
  1492 | D:2      | 1492 ||| ENCHANTING +0 shortbow.
  1493 | D:2      | 1493 ||| DRINKING 3 sedimented clear potions.
  1585 | D:3      | Found a snail-covered altar of Cheibriados.
  1676 | D:3      | Noticed an ogre
  1678 | D:3      | 1678 ||| READING scroll of enchant weapon.
  1678 | D:3      | 1678 ||| ENCHANTING +1 shortbow.
  1684 | D:3      | Noticed an ice beast
  1778 | D:3      | Reached skill level 3 in Dodging
  1861 | D:3      | Noticed Terence
  1872 | D:3      | Killed Terence
  1873 | D:3      | Reached XP level 5. HP: 30/40 MP: 0/0
  1873 | D:3      | Learned a level 2 spell: Momentum Strike
  1912 | D:3      | Found a transporter.
  2024 | D:3      | Found a stormy altar of Qazlal.
  2026 | D:3      | Noticed a phantom
  2028 | D:3      | Found a transporter.
  2441 | D:3      | 2441 ||| UPGRADING to +0 pair of gloves.
  2446 | D:3      | 2446 ||| UPGRADING to ring of resist corrosion.
  2447 | D:3      | 2447 ||| READING scroll of identify.
  2447 | D:3      | 2447 ||| IDENTIFYING grey potion
  2448 | D:3      | 2448 ||| READING scroll labelled WIRHAFEFIMN.
  2448 | D:3      | 2448 ||| ENCHANTING +0 pair of gloves.
  2449 | D:3      | 2449 ||| READING scroll labelled EPROARCH NUSOYVE.
  2450 | D:3      | 2450 ||| READING scroll labelled AZXOZUORGHO.
  2472 | D:4      | 2472 ||| STAIRDANCE
  2496 | D:4      | Reached skill level 1 in Armour
  2496 | D:4      | Reached XP level 6. HP: 37/46 MP: 0/0
  2525 | D:4      | HP: 11/46 [burnt (2)]
  2530 | D:4      | HP: 7/46 [burnt (1)]
  2534 | D:4      | HP: 3/46 [burnt (1)]
  2536 | D:4      | HP: 1/46 [burnt (2)]
  2537 | D:4      | Incinerated by a bombardier beetle

Levels and vault maps discovered:
D:1:      dpeg_arrival_brainrot, layout_basic
D:2:      layout_rooms, basic_ecumenical_altar, due_unseen_surprise
D:3:      layout_basic, gammafunk_temple_overflow_arena, amcnicky_altar_gilded,
          uniq_terence
D:4:      layout_cave_pods, kennysheep_mini_moat, uniq_edmund,
          uniq_blork_the_orc, uniq_crazy_yiuf_cottage, uniq_eustachio,
          uniq_natasha

Skill      XL: |  1  2  3  4  5 |
---------------+----------------+-----
Ranged Weapons | 4 |  4.7
Fighting       | 3 |  3.0
Dodging        | 3 |  3.1
Armour         | 1 |  1.6
Stealth        | |  0.7

Action                     |  1- 3 |  4- 6 || total
---------------------------+-------+-------++-------
   Fire: Shortbow          |    82 |   106 ||   188
    Use: Scroll            |     5 |     7 ||    12
         Potion            |       |     1 ||     1
 Armour: Leather armour    |    17 |    22 ||    39
  Dodge: Dodged            |    38 |    19 ||    57

Table legend:
 A = Non-vault XP
 B = Vault XP
 C = Vault XP percentage of total XP
 D = Non-vault monster count
 E = Vault monster count
 F = Vault count percentage of total count
                 A         B        C        D         E       F
            +---------+---------+-------+---------+---------+-------
      Total |     254 |      43 |  14.5 |      64 |       2 |   3.0
            +---------+---------+-------+---------+---------+-------
        D:1 |      43 |       5 |  10.4 |      22 |       1 |   4.3
        D:2 |      33 |       0 |   0.0 |      13 |       0 |   0.0
        D:3 |     122 |      38 |  23.8 |      27 |       1 |   3.6
        D:4 |      56 |       0 |   0.0 |       2 |       0 |   0.0
            +---------+---------+-------+---------+---------+-------
